 Dungeon Crawl Stone Soup version 0.26-a0-712-ga5a9c9c9d0 (webtiles) character file.

Game seed: 7198793402225893979

2 Apogee the Insei (level 1, 13/16 HPs)
             Began as a Demigod Transmuter on Nov 2, 2020.
             Quit the game on level 1 of the Dungeon.
             The game lasted 00:00:13 (66 turns).

Apogee the Insei (Demigod Transmuter)                 Turns: 66, Time: 00:00:14

Health: 13/16      AC:  2    Str: 13    XL:     1   Next: 20%
Magic:  5/5        EV: 12    Int: 17    God:
Gold:   18         SH:  0    Dex: 16    Spells: 2/3 levels left

rFire    . . .     SeeInvis .     - Unarmed
rCold    . . .     Faith    .   (no shield)
rNeg     . . .     Spirit   .   a - +0 robe
rPois    .         Reflect  .   (no helmet)
rElec    .         Harm     .   (no cloak)
rCorr    .         Rampage  .   (no gloves)
MR       .....                  (no boots)
Stlth    +.........             (no amulet)
HPRegen  0.05/turn              (no ring)
MPRegen  0.09/turn              (no ring)

@: no status effects
A: high mp 1
a: no special abilities


You were on level 1 of the Dungeon.
You visited 1 branch of the dungeon, and saw 1 of its levels.

You collected 18 gold pieces.

Inventory:

Armour
 a - a +0 robe (worn)
Scrolls
 b - a scroll of teleportation {unknown}
Potions
 c - a potion of ambrosia {unknown}


   Skills:
 + Level 1.0 Fighting
 - Level 1.7 Dodging
 * Level 2.8 Unarmed Combat
 - Level 1.7 Spellcasting
 - Level 1.7 Transmutations


You had 2 spell levels left.
You knew the following spells:

 Your Spells              Type           Power        Failure   Level
a - Beastly Appendage     Tmut           #.....       10%         1

Your spell library contained the following spells:

 Spells                   Type           Power        Failure   Level
 Wereblood                Tmut           #.......     14%         2
 Spider Form              Tmut/Pois      #.........   38%         3
 Ice Form                 Ice/Tmut       #.......     80%         4
 Blade Hands              Tmut           #.........   95%         5


Dungeon Overview and Level Annotations

Branches:
Dungeon (1/15)


Innate Abilities, Weirdness & Mutations

You have an increased reservoir of magic. (+10% MP)


Message History

Found a staircase leading out of the dungeon.
Found a human skeleton.
b - a scroll labeled ZAXIZUTYKE
Found 13 gold pieces and a human skeleton.
You now have 5 gold pieces.
Found a green potion.
You now have 18 gold pieces (gained 13).
c - a green potion A bat comes into view.
Found 7 bolts.
A bat is nearby!
A bat is nearby!
The bat hits you but does no damage.
You barely miss the bat. The bat hits you but does no damage.
The bat closely misses you.
You hit the bat but do no damage. The bat barely misses you.
No target in view!
No target in view!
No target in view!
No target in view!
No target in view!
No target in view!
No target in view!
No target in view!
No target in view!
The bat barely misses you.
A bat is nearby!
A bat is nearby!
A bat is nearby!
The bat hits you but does no damage.
You barely miss the bat. The bat hits you but does no damage.
You miss the bat. The bat hits you but does no damage.
You barely miss the bat. The bat hits you but does no damage.
You hit the bat.
You kill the bat!
No target in view!
No target in view!
A goblin comes into view.
A goblin is nearby!
A goblin is nearby!
You closely miss the goblin. The goblin barely misses you.
A goblin is nearby!
You hit the goblin. The goblin barely misses you.
You barely miss the goblin. The goblin hits you but does no damage.
You barely miss the goblin. The goblin barely misses you.
You hit the goblin. The goblin hits you.
You hit the goblin.
You kill the goblin!
Your Fighting skill increases to level 1!
Okay, then.

...........÷...♣
.........8..8..♣
...............♣
###.############ ###
#.# .. #.# ########.#
#.# #..(...#.######
#.######..............
#........#.#..@..####
######.#.#.####..#
#.###.# ..# #..†#.#
.## ##.##.# ## #....#
######


There were no monsters in sight!

Vanquished Creatures
  A goblin (D:1)
  A bat (D:1)
2 creatures vanquished.

Notes
Turn   | Place    | Note
-------+----------+-------------------------------------------
     0 | D:1      | Apogee the Demigod Transmuter began the quest for the Orb.
     0 | D:1      | Reached XP level 1. HP: 15/15 MP: 5/5
    65 | D:1      | Reached skill level 1 in Fighting
    66 | D:1      | Quit the game

Illustrated notes

Levels and vault maps discovered:
D:1:      giann_forest_graveyard, layout_basic

Skill      XL: |  1 |
---------------+----+-----
Fighting       | 1 |  1.0
Dodging        | |  1.7
Unarmed Combat | |  2.8
Spellcasting   | |  1.7
Transmutations | |  1.7

Action                   || total
-------------------------++-------
Melee: Unarmed           ||    12
Armor: Robe              ||     7
Dodge: Dodged            ||     6

Table legend: (Time is in decaauts)
 A = Elapsed time spent in this place.
 B = Non-inter-level travel time spent in this place.
 C = Inter-level travel time spent in this place.
 D = Time resting spent in this place.
 E = Time spent auto-exploring this place.
 F = Levels seen in this place.
 G = Mean time per level.
                   A        B        C        D        E       F      G
               +--------+--------+--------+--------+--------+-----+--------+
         Total |     65 |     65 |      0 |      0 |     45 |   1 |   65.0 |
       Dungeon |     65 |     65 |      0 |      0 |     45 |   1 |   65.0 |
               +--------+--------+--------+--------+--------+-----+--------+

Top non-repeatable levels by time:
     D:1: 65 daAuts
